 Dungeon Crawl Stone Soup version 0.31-a0-983-g7b6862f502 (webtiles) character file.

Game seed: 12740551592929723841

205 lunkers the Insei (level 5, -2/39 HPs)
             Began as a Demigod Shapeshifter on Nov 2, 2023.
             Slain by an iguana (12 damage)
             ... on level 4 of the Dungeon.
             The game lasted 00:01:56 (1661 turns).

lunkers the Insei (Demigod Shapeshifter)            Turns: 1661, Time: 00:01:57

Health: -2/39      AC:  5    Str: 15    XL:     5   Next: 27%
Magic:  7/7        EV: 11    Int: 12    God:
Gold:   203        SH:  0    Dex: 17    Spells: 4/4 levels left

rFire   . .          .
                       - Unarmed
rCold   + . .        (no shield)
rNeg    . . .        e - +0 ring mail
rPois   .            (helmet currently unavailable)
rElec   .            (cloak currently unavailable)
rCorr   .            (gloves currently unavailable)
SInv    .            (boots currently unavailable)
Will    .....        (no amulet)
Stlth   +            n - ring of protection from cold
HPRegen 0.26/turn    (no ring)
MPRegen 0.10/turn

%: no passive effects
@: lethally poisoned (-2 -> -3), beast-form
A: beast (slay +2), high MP 1, forlorn, divine attributes
a: Begin Untransformation


You were on level 4 of the Dungeon.
You were a hulking beast.
You visited 1 branch of the dungeon, and saw 4 of its levels.

You collected 203 gold pieces.

Inventory:

Armour
 e - a +0 ring mail (worn)
 p - a +0 helmet
Jewellery
 n - a ring of protection from cold (left hand)
Talismans
 c - a beast talisman
 d - a flux talisman
 g - a blade talisman
Wands
 q - a wand of roots (4)
Scrolls
 i - a scroll of fear {unknown}
 k - a scroll of blinking {unknown}
 l - a scroll of butterflies {unknown}
 m - 2 scrolls of enchant armour {unknown}
 o - a scroll of noise {unknown}
 r - a scroll of torment {unknown}
Potions
 a - a potion of berserk rage {unknown}
 b - a potion of lignification
 f - a potion of heal wounds {unknown}
 h - a potion of curing {unknown}
 j - a potion of degeneration {unknown}


   Skills:
 - Level 0.8 Fighting
 - Level 1.7 Dodging
 * Level 4.9 Unarmed Combat
 + Level 3.8 Shapeshifting


You had 4 spell levels left.
You didn't know any spells.
Your spell library contained the following spells:

 Spells                   Type           Power      Damage    Failure   Level
 Searing Ray              Conj           0%         2d4       69%         2
 Ignition                 Fire           0%         3d3       100%        8
 Lehudib's Crystal Spear  Conj/Erth      0%         10d2      100%        8


Dungeon Overview and Level Annotations

Branches:
Dungeon (4/15)             Temple (0/1) D:4


Innate Abilities, Weirdness & Mutations

You are a hulking beast.
Your limbs bulge with bestial killing power. (Slay +2)
You have an increased reservoir of magic. (+10% MP)
You shall have no god before yourself.
Your divine heritage dramatically boosts your attributes as you level up.


Message History

The adder barely misses you.
You barely miss the adder.
The adder is heavily wounded.
The adder closely misses you.
You miss the adder.
The adder is heavily wounded.
The adder barely misses you.
You closely miss the adder.
The adder is heavily wounded.
The adder bites you but does no damage. The iguana closely misses you.
The adder bites you.
You hit the adder.
The adder is almost dead.
The iguana completely misses you. The adder closely misses you.
You hit the adder.
The adder is almost dead.
The iguana closely misses you. The adder bites you.
You are poisoned.
The adder poisons you!
You punch the adder!
You kill the adder!
You feel sick. The iguana closely misses you.
You punch the iguana!
The iguana is heavily wounded.
You feel sick.
The iguana bites you but does no damage.
You hit the iguana.
The iguana is severely wounded.
You feel sick. The iguana bites you!
* * * LOW HITPOINT WARNING * * *
You hit the iguana.
The iguana is almost dead.
You feel sick. The iguana bites you!
* * * LOW HITPOINT WARNING * * *
You barely miss the iguana.
The iguana is almost dead.
You feel sick.
The iguana hisses menacingly.
The iguana bites you!
You die...

...#####..>....#
.........P.P...#
...............# ##
........#......####.###
...###+##......#......
...#......#+####....####
####......#.............
.........>#.....†...~~~.
...)......#...##h##~~~~
..........#...#..l..~~~~
..........#.........~≈~~
..........#...#.........
..........###.#.....##.#
....#####...........# #
....# #.............
....# #..............
....# +..............


You could see an iguana.

Vanquished Creatures
  A black bear (D:4)
  An iguana (D:4)
  3 adders
  A dart slug (D:1)
  An orc (D:4)
  5 bats
  7 endoplasms
  5 giant cockroaches
  5 goblins
  4 hobgoblins
  3 jackals (D:2)
  4 ball pythons
  4 frilled lizards (D:1)
  6 kobolds
  5 rats
55 creatures vanquished.

Notes
Turn   | Place    | Note
-------+----------+-------------------------------------------
     0 | D:1      | lunkers the Demigod Shapeshifter began the quest for the
                  | Orb.
     0 | D:1      | Reached XP level 1. HP: 15/15 MP: 3/3
    56 | D:1      | Reached skill level 3 in Unarmed Combat
   153 | D:1      | Reached XP level 2. HP: 22/22 MP: 4/4
   805 | D:2      | Identified the "Saohorhahe"
   931 | D:2      | Reached XP level 3. HP: 25/27 MP: 5/5
  1253 | D:3      | Reached skill level 4 in Unarmed Combat
  1379 | D:3      | Identified the +0 whip of Responsibility {flame, Fly Str+6
                  | Int+2 Stlth-}
  1400 | D:4      | Found a staircase to the Ecumenical Temple.
  1416 | D:4      | Reached XP level 4. HP: 29/34 MP: 6/6
  1443 | D:4      | Noticed a black bear
  1452 | D:4      | Killed a black bear
  1453 | D:4      | Reached XP level 5. HP: 13/39 MP: 7/7
  1661 | D:4      | Slain by an iguana

Illustrated notes

Levels and vault maps discovered:
D:1:      roderic_dead_forest, layout_loops_corners,
          wander_ebering_terrifying_dragon_lair
D:2:      layout_basic, dilly_ecumenical_altar_fadedgnrine
D:3:      layout_basic, mainiacjoe_overflow_tiny_flanked, vehumet_altar_wand_db,
          mainiacjoe_overflow_24_doors, nicolae_overflow_crystal_walls,
          feat_on_display
D:4:      layout_gridville, minmay_temple_entry_trees, serial_undead,
          serial_undead_f, serial_undead_d, serial_undead_c, serial_undead_c,
          minmay_misc_feat_more_columns

Skill      XL: |  1  2  3 |
---------------+----------+-----
Unarmed Combat | 3 4 |  4.9
Shapeshifting  | 3 |  3.8
Fighting       | |  0.8
Dodging        | |  1.7

Action                     |  1- 3 |  4- 6 || total
---------------------------+-------+-------++-------
  Melee: Unarmed           |   120 |    30 ||   150
         Punch             |     4 |     1 ||     5
 Armour: Animal skin       |     8 |       ||     8
         Ring mail         |    53 |    27 ||    80
  Dodge: Dodged            |    59 |    24 ||    83

Table legend: (Time is in decaauts)
 A = Elapsed time spent in this place.
 B = Non-inter-level travel time spent in this place.
 C = Inter-level travel time spent in this place.
 D = Time resting spent in this place.
 E = Time spent auto-exploring this place.
 F = Levels seen in this place.
 G = Mean time per level.
                   A        B        C        D        E       F      G
               +--------+--------+--------+--------+--------+-----+--------+
         Total |   1649 |   1577 |     72 |      0 |   1169 |   4 |  412.2 |
       Dungeon |   1649 |   1577 |     72 |      0 |   1169 |   4 |  412.2 |
               +--------+--------+--------+--------+--------+-----+--------+

Top non-repeatable levels by time:
     D:1: 801 daAuts
     D:3: 298 daAuts
     D:2: 287 daAuts
     D:4: 262 daAuts
